 Dungeon Crawl Stone Soup version 0.30-a0-1176-gcdfb0321a8 (webtiles) character file.

Game seed: 10620470202740039633

44 Conn the Firebug (level 3, -3/21 HPs)
             Began as an Octopode Fire Elementalist on Apr 30, 2023.
             Slain by Crazy Yiuf
             ... wielding a +3 quarterstaff of chaos
              (4 damage)
             ... on level 2 of the Dungeon.
             The game lasted 00:03:39 (2102 turns).

Conn the Firebug (Octopode Fire Elementalist)       Turns: 2102, Time: 00:03:41

Health: -3/21      AC:  1    Str:  7    XL:     3   Next: 60%
Magic:  0/6        EV: 13    Int: 19    God:
Gold:   67         SH:  0    Dex: 12    Spells: 4/7 levels left

rFire   . . .        g - staff of conjuration
rCold   . . .        (no shield)
rNeg    . . .        (helmet restricted)
rPois   .            (no amulet)
rElec   .            (no ring)
rCorr   .            (no ring)
SInv    .            (no ring)
Will    .....        (no ring)
Stlth   +++          (no ring)
HPRegen 0.23/turn    (no ring)
MPRegen 0.10/turn    (no ring)
                     (no ring)

%: no passive effects
@: no status effects
A: almost no armour, amphibious, 8 rings, camouflage 1, gelatinous body 1,
(nimble swimmer 1), tentacles
a: no special abilities


You were on level 2 of the Dungeon.
You visited 1 branch of the dungeon, and saw 2 of its levels.

You collected 67 gold pieces.

Inventory:

Hand Weapons
 e - a +0 short sword
Magical Staves
 g - a staff of conjuration (weapon)
Scrolls
 d - a scroll of identify
 h - a scroll of torment {unknown}
 j - 2 scrolls of magic mapping {unknown}
Potions
 a - a potion of magic
 b - a potion of cancellation
 f - a potion of ambrosia {unknown}
 i - 3 potions of degeneration {unknown}
 l - a potion of haste {unknown}


   Skills:
 + Level 2.0 Dodging
 + Level 3.1 Stealth
 + Level 0.4 Unarmed Combat
 + Level 2.5 Spellcasting
 + Level 1.3 Conjurations
 + Level 3.6 Fire Magic


You had 4 spell levels left.
You knew the following spells:

 Your Spells              Type           Power      Damage    Failure   Level
a - Foxfire               Conj/Fire      68%        2x1d7     6%          1
b - Scorch                Fire           32%        2d6       5%          2

Your spell library contained the following spells:

 Spells                   Type           Power      Damage    Failure   Level
 Inner Flame              Hex/Fire       9%         N/A       22%         3
 Volatile Blastmotes      Fire/Tloc      18%        2d11      22%         3
 Flame Wave               Conj/Fire      17%        2d7       50%         4


Dungeon Overview and Level Annotations

Branches:
Dungeon (2/15)

Altars:

Shops:
D:2 !

Annotations:
D:2 Crazy Yiuf


Innate Abilities, Weirdness & Mutations

You cannot wear most types of armour.
You are amphibious.
You can wear up to eight rings at the same time.
Your skin changes colour to match your surroundings (Stealth+).
Your rubbery body absorbs attacks. (AC +1, EV +1)
((You are camouflaged when in or above water. (Stealth+)))
You have tentacles for arms and can constrict up to eight enemies at once.


Message History

Crazy Yiuf hits you with a +3 quarterstaff of chaos.
Crazy Yiuf closely misses you.
Throw: 2 boomerangs (disperse)
Press: ? - help, Q - select action, (/) - cycle Shift-Dir - straight line, f/p - Crazy Yiuf
Aim: Crazy Yiuf, wielding a +3 quarterstaff of chaos and wearing a +0 cloak (almost dead, berserk, more vulnerable to fire, 60% to hit)
You throw a boomerang of dispersal.
The boomerang of dispersal hits Crazy Yiuf and shatters for extra damage.
Crazy Yiuf blinks!
Crazy Yiuf is almost dead.
Okay, then.
Unknown command.
Unknown command.
Unknown command.
As you read the scroll labelled WICKAM DICOY, it crumbles to dust.
It is a scroll of identify.
b - a potion of cancellation
Okay, then.
Okay, then.
It was a potion of curing.
You feel better.
Crazy Yiuf rages.
You closely miss Crazy Yiuf. Your grab misses Crazy Yiuf.
Crazy Yiuf is almost dead.
Crazy Yiuf hits you with a +3 quarterstaff of chaos!
Ouch! That really hurt!
Crazy Yiuf closely misses you.
You aren't carrying any items that you can evoke.
Throw: boomerang (disperse)
Press: ? - help, Q - select action, (/) - cycle Shift-Dir - straight line, f/p - Crazy Yiuf
Aim: Crazy Yiuf, wielding a +3 quarterstaff of chaos and wearing a +0 cloak (almost dead, berserk, more vulnerable to fire, 60% to hit)
You throw a boomerang of dispersal.
The boomerang of dispersal barely misses Crazy Yiuf.
Crazy Yiuf closely misses you. x2
Casting: Scorch (safe; 5% risk of failure)
Confirm with . or Enter, or press ? or * to list all spells.
You feel a surge of power!
You conjure some foxfire!
Crazy Yiuf closely misses you.
Crazy Yiuf hits you with a +3 quarterstaff of chaos!
* * * LOW HITPOINT WARNING * * *
Space warps around you.
You die...

#..............#..#####
#..............#.######
#..#######............#
#....# ##...####.##+##
### #.##.# #....#
#.....####### ^.#
#.##.#########
##..........#
..###.##.>.#
#.....####.#
....#).....# #####
#.....# #.#
....#......# #.@v#
#.....####.#
#...##.....# #.gv#
#........).#
#...##.....# #...#
#........###
..####.....# ##'##
#<#+#.......
...........# ##.#
#####..#.###
...........# #.##
#......#..##
...........# ##.#
#.####.#....
...........# #.## #.#
#.#..## ..####.....#
##.## #.# #.####


You could see Crazy Yiuf (berserk, combustible, ally target).

Vanquished Creatures
  An adder (D:2)
  2 dart slugs (D:1)
  3 ball pythons
  3 endoplasms
  2 giant cockroaches
  3 goblins
  4 hobgoblins (D:2)
  5 kobolds
  2 bats
  2 frilled lizards (D:1)
  A rat (D:2)
28 creatures vanquished.

Vanquished Creatures (others)
  83 foxfires
83 creatures vanquished.

Grand Total: 111 creatures vanquished

Notes
Turn   | Place    | Note
-------+----------+-------------------------------------------
     0 | D:1      | Conn the Octopode Fire Elementalist began the quest for the
                  | Orb.
     0 | D:1      | Reached XP level 1. HP: 11/11 MP: 3/3
   111 | D:1      | Reached XP level 2. HP: 17/17 MP: 0/5
   863 | D:2      | Found a runed translucent door.
   864 | D:2      | Noticed Crazy Yiuf
   871 | D:2      | Learned a level 2 spell: Scorch
  1004 | D:2      | Reached XP level 3. HP: 21/21 MP: 3/6
  1060 | D:2      | Found Mehaschi's Distillery.
  2102 | D:2      | HP: 1/21 [Crazy Yiuf/+3 quarterstaff of chaos (8)]
  2102 | D:2      | Slain by Crazy Yiuf

Illustrated notes

Levels and vault maps discovered:
D:1:      minmay_arrival_arboretum_small, layout_basic
D:2:      layout_basic, serial_shops, nicolae_lakefront_shop,
          uniq_crazy_yiuf_cottage

Skill      XL: |  1  2  3 |
---------------+----------+-----
Stealth        | 3 |  3.1
Dodging        | |  2.0
Unarmed Combat | |  0.4
Spellcasting   | |  2.5
Conjurations   | |  1.3
Fire Magic     | |  3.6

Action                     || total
---------------------------++-------
  Melee: Unarmed           ||     8
         Constrict         ||     4
         Staff             ||     9
         Tentacles         ||     4
         Short sword       ||     1
         Punch             ||     1
  Throw: Boomerang         ||     3
   Cast: Foxfire           ||    51
         Scorch            ||     3
    Use: Scroll            ||     1
         Potion            ||     1
   Stab: Sleeping          ||     2
         Distracted        ||     1
  Dodge: Dodged            ||    26

Table legend: (Time is in decaauts)
 A = Elapsed time spent in this place.
 B = Non-inter-level travel time spent in this place.
 C = Inter-level travel time spent in this place.
 D = Time resting spent in this place.
 E = Time spent auto-exploring this place.
 F = Levels seen in this place.
 G = Mean time per level.
                   A        B        C        D        E       F      G
               +--------+--------+--------+--------+--------+-----+--------+
         Total |   2103 |   2089 |     14 |      0 |   1663 |   2 | 1051.5 |
       Dungeon |   2103 |   2089 |     14 |      0 |   1663 |   2 | 1051.5 |
               +--------+--------+--------+--------+--------+-----+--------+

Top non-repeatable levels by time:
     D:2: 1326 daAuts
     D:1: 777 daAuts
